 Dungeon Crawl Stone Soup version 0.29.0-4-gdea44cf6ec (webtiles) character file.

Game seed: 12123315426840463603

105 qw the Chopper (level 4, -2/26 HPs)
             Began as a Tengu Warper on Aug 28, 2022.
             Killed from afar by an orc wizard (7 damage)
             ... with a puff of flame
             ... on level 3 of the Dungeon.
             The game lasted 00:00:14 (2223 turns).

qw the Chopper (Tengu Warper)                       Turns: 2223, Time: 00:00:15

Health: -2/26      AC:  5    Str: 14    XL:     4   Next: 81%
Magic:  8/8        EV: 11    Int: 13    God:
Gold:   93         SH:  0    Dex: 13    Spells: 7/7 levels left

rFire   . . .      SeeInvis .   Y - +0 hand axe
rCold   . . .      Faith    .   (no shield)
rNeg    . . .      Spirit   .   k - +0 ring mail
rPois   .          Reflect  .   (helmet restricted)
rElec   .          Harm     .   (no cloak)
rCorr   .          Rampage  .   (no gloves)
Will    .....                   (boots unavailable)
Stlth   +.........              (no amulet)
HPRegen 0.08/turn               (no ring)
MPRegen 0.11/turn               (no ring)

@: no status effects
A: beak, talons 3
a: no special abilities


You were on level 3 of the Dungeon.
You visited 1 branch of the dungeon, and saw 3 of its levels.

You collected 137 gold pieces.
You spent 44 gold pieces at shops.


Innate Abilities, Weirdness & Mutations

You have a beak for a mouth.
You have claws for feet.


   Skills:
 - Level 2.0 Fighting
 + Level 5.3 Axes
 - Level 1.0 Throwing
 - Level 1.1 Armour
 - Level 2.1 Dodging
 - Level 2.0 Spellcasting
 - Level 2.4 Translocations


You had 7 spell levels left.
You didn't know any spells.
Your spell library contained the following spells:

 Spells                   Type           Power      Damage    Failure   Level
 Blink                    Tloc           14%        N/A       30%         2
 Gell's Gravitas          Tloc           7%         N/A       52%         3
 Lesser Beckoning         Tloc           7%         N/A       52%         3
 Teleport Other           Tloc           7%         N/A       52%         3
 Manifold Assault         Tloc           7%         N/A       99%         5

Inventory:

Hand Weapons
 e - a +0 whip
 Y - a +0 hand axe (weapon)
Armour
 k - a +0 ring mail (worn)
Scrolls
 a - a scroll of brand weapon {unknown}
 b - a scroll of teleportation {unknown}
 f - a scroll of identify
Potions
 i - a potion of degeneration {unknown}

Dungeon Overview and Level Annotations

Branches:
Dungeon (3/15)

Altars:

Shops:
D:1 *([?   D:2 ?


Message History

You hear some strange, mumbled words.
Something tries to affect you, but you resist.
Something hits you but does no damage.
You closely miss the orc. You hit something but do no damage.
You hit something. Something hits you. The orc closely misses you.
Something hits you but does no damage.
You slash the orc!
You kill the orc!
You barely miss something. You miss something.
Something hits you but does no damage. x2
Your Axes skill increases to level 5!
You barely miss something. Your peck misses something.
You barely miss something. Something hits you. x2
You hit something. Your kick misses something. You hit something.
Something hits you. Something hits you but does no damage.
You closely miss something. Your kick misses something.
You closely miss something.
You hear some strange, mumbled words.
A magic dart appears from out of thin air!
The magic dart hits you. Something hits you but does no damage.
You miss something. Your kick misses something. You closely miss something.
Something barely misses you. Something hits you but does no damage.
You hit something.
Reactivating autopickup.
You feel a bit more experienced.
You hit something but do no damage. Something hits you but does no damage.
Deactivating autopickup; reactivate with Ctrl-A.
You hit something. Something hits you.
You closely miss something.
You hear some strange, mumbled words.
A puff of flame appears from out of thin air!
The puff of flame misses you.
You closely miss something. Your kick misses something.
Your peck misses something.
You hear some strange, mumbled words.
A puff of flame appears from out of thin air!
The puff of flame hits you!
You die...

......+.# #.# .<...#.#
#.# ....#.# #....
.....####.##.
#####.#....##.##.#######
.......#.#.##.##.......#
......)#.#.##.##.......#
......)@.......##......#
......{#.?.##..##......#
########...##..##.....).
#...##..#.....#.#
######..#.#####.# #....#
#.# #.#### ..# #.# ###
#.# #


There were no monsters in sight!

Vanquished Creatures
  An orc wizard (D:3)
  2 adders
  A worm (D:2)
  2 orcs (D:3)
  7 bats
  8 endoplasms
  A giant cockroach (D:2)
  6 goblins
  2 hobgoblins (D:1)
  4 jackals (D:1)
  2 quokkas
  4 ball pythons
  4 frilled lizards
  5 kobolds
  5 rats
54 creatures vanquished.

Notes
Turn   | Place    | Note
-------+----------+-------------------------------------------
     0 | D:1      | qw the Tengu Warper began the quest for the Orb.
     0 | D:1      | Reached XP level 1. HP: 12/12 MP: 4/4
     0 | D:1      | 0 ||| qw: Version: 0.1-a-89-g26bdef1
     0 | D:1      | 0 ||| qw: Game counter: 1727
     0 | D:1      | 0 ||| qw: Always use a shield: true
     0 | D:1      | 0 ||| qw: God list: Okawaru
     0 | D:1      | 0 ||| qw: Allow faded altars: false
     0 | D:1      | 0 ||| qw: Do Orc after D:15 true
     0 | D:1      | 0 ||| qw: Do second Lair branch before Depths: true
     0 | D:1      | 0 ||| qw: Lair rune preference: random
     0 | D:1      | 0 ||| qw: Plans: Normal
     0 | D:1      | 0 ||| PLANNING D:1-11
   135 | D:1      | 135 ||| Stepping ~*~*~tactically~*~*~ (stealth).
   140 | D:1      | Reached skill level 3 in Axes
   140 | D:1      | Reached XP level 2. HP: 17/17 MP: 6/6
   142 | D:1      | 142 ||| Stepping ~*~*~tactically~*~*~ (stealth).
   143 | D:1      | 143 ||| Stepping ~*~*~tactically~*~*~ (stealth).
   492 | D:1      | Found Semuaf's Armour Boutique.
   498 | D:1      | 498 ||| SHOPLISTING +0 ring mail (52 gold, have 13).
   498 | D:1      | 498 ||| SHOPLISTING +1 crystal plate armour of the Bruised
                  | Priests {+Blink rN+ Int-3 Dex+5} (1367 gold, have 13).
   498 | D:1      | 498 ||| SHOPLISTING +1 pair of gloves (149 gold, have 13).
   498 | D:1      | 498 ||| SHOPLISTING +3 scale mail of cold resistance (338
                  | gold, have 13).
   738 | D:1      | Reached XP level 3. HP: 15/21 MP: 7/7
   941 | D:1      | Found Asiov's Magic Scroll Emporium.
   953 | D:1      | 953 ||| BUYING scroll of identify (26 gold).
   953 | D:1      | Bought a scroll of identify for 26 gold pieces
   953 | D:1      | 953 ||| SHOPLISTING scroll of identify (26 gold, have 3).
   953 | D:1      | 953 ||| SHOPLISTING scroll of teleportation (39 gold, have
                  | 3).
   977 | D:1      | Found Aruqethy's Weapon Shop.
   985 | D:1      | 985 ||| SHOPLISTING +0 vorpal mace (71 gold, have 3).
   985 | D:1      | 985 ||| SHOPLISTING +0 whip (27 gold, have 3).
  1079 | D:1      | Found Nires's Assorted Antiques.
  1096 | D:1      | 1096 ||| SHOPLISTING pair of glowing gloves (150 gold, have
                  | 19).
  1096 | D:1      | 1096 ||| BUYING sapphire potion (18 gold).
  1096 | D:1      | Bought a sapphire potion for 18 gold pieces
  1096 | D:1      | 1096 ||| SHOPLISTING whip (50 gold, have 1).
  1204 | D:1      | Found a faded altar of an unknown god.
  1210 | D:1      | 1210 ||| DRINKING 2 sapphire potions.
  1211 | D:1      | 1211 ||| READING 2 scrolls of identify.
  1211 | D:1      | 1211 ||| IDENTIFYING smoky silvery potion
  1212 | D:1      | 1212 ||| DROPPING scroll of blinking.
  1213 | D:1      | 1213 ||| DROPPING potion of flight.
  1214 | D:1      | 1214 ||| DROPPING potion of brilliance.
  1250 | D:2      | Reached skill level 4 in Axes
  1306 | D:2      | 1306 ||| DROPPING +0 club.
  1311 | D:2      | Found Kufexuokk's Magic Scroll Shoppe.
  1314 | D:2      | 1314 ||| SHOPLISTING 3 scrolls of identify (78 gold, have
                  | 24).
  1314 | D:2      | 1314 ||| SHOPLISTING scroll of brand weapon (123 gold, have
                  | 24).
  1314 | D:2      | 1314 ||| SHOPLISTING scroll of identify (26 gold, have 24).
  1624 | D:2      | Reached XP level 4. HP: 21/26 MP: 8/8
  1746 | D:2      | 1746 ||| Stepping ~*~*~tactically~*~*~ (hiding).
  1848 | D:2      | 1848 ||| Stepping ~*~*~tactically~*~*~ (hiding).
  1850 | D:2      | 1850 ||| Stepping ~*~*~tactically~*~*~ (hiding).
  1852 | D:2      | 1852 ||| Stepping ~*~*~tactically~*~*~ (stealth).
  2100 | D:2      | 2100 ||| UPGRADING to +0 ring mail.
  2110 | D:2      | 2110 ||| DROPPING +0 leather armour.
  2111 | D:2      | 2111 ||| READING 3 scrolls labelled BAEFIE LAPT.
  2112 | D:2      | 2112 ||| READING scroll labelled CIRYTUTWYIGU.
  2113 | D:2      | 2113 ||| READING scroll labelled HEXZEONYOKK.
  2114 | D:2      | 2114 ||| READING scroll labelled IGAROMIPPI.
  2115 | D:2      | 2115 ||| READING scroll labelled VEPOMU ALLAKU.
  2116 | D:2      | 2116 ||| READING 2 scrolls of identify.
  2116 | D:2      | 2116 ||| IDENTIFYING puce potion
  2117 | D:2      | 2117 ||| DROPPING 2 scrolls of vulnerability.
  2118 | D:2      | 2118 ||| DROPPING potion of attraction.
  2216 | D:3      | Reached skill level 5 in Axes
  2218 | D:3      | HP: 6/26 [something/magic dart (6)]
  2223 | D:3      | Killed from afar by an orc wizard

Levels and vault maps discovered:
D:1:      tarquinn_simple_flora_water_e, layout_basic, serial_shops,
          shop_fountains, shop, shop_fountains,
          nicolae_shop_bloodbath_and_beyond, dilly_ecumenical_altar_fadedgnrine
D:2:      layout_rooms, serial_shops, nicolae_shop_trees
D:3:      layout_basic, general_overflow_altar, serial_shops, shop, st_stairs_4,
          uniq_grinder, uniq_ijyb

Skill      XL: |  1  2  3  4 |
---------------+-------------+-----
Axes           | 3 4 5 |  5.3
Fighting       | |  2.0
Throwing       | |  1.0
Armour         | |  1.1
Dodging        | |  2.1
Spellcasting   | |  2.0
Translocations | |  2.4

Action                   |  1- 3 |  4- 6 || total
-------------------------+-------+-------++-------
Melee: Hand axe          |    89 |    43 ||   132
       Kick              |    35 |     9 ||    44
       Peck              |     9 |     5 ||    14
Throw: Boomerang         |     7 |       ||     7
  Use: Scroll            |     1 |     6 ||     7
       Potion            |     1 |       ||     1
Armor: Leather armour    |    24 |     3 ||    27
       Ring mail         |       |    15 ||    15
Dodge: Dodged            |    66 |    23 ||    89

Table legend:
 A = Non-vault XP
 B = Vault XP
 C = Vault XP percentage of total XP
 D = Non-vault monster count
 E = Vault monster count
 F = Vault count percentage of total count
                 A         B        C        D         E       F
            +---------+---------+-------+---------+---------+-------
      Total |     150 |       0 |   0.0 |      54 |       0 |   0.0
            +---------+---------+-------+---------+---------+-------
        D:1 |      43 |       0 |   0.0 |      25 |       0 |   0.0
        D:2 |      49 |       0 |   0.0 |      22 |       0 |   0.0
        D:3 |      58 |       0 |   0.0 |       7 |       0 |   0.0
            +---------+---------+-------+---------+---------+-------
